 Dungeon Crawl Stone Soup version 0.28-a0-730-g892d06dc2c (console) character file.

Game seed: 9303471704111102507

20899 petzl the Covert (level 12, -2/87 HPs)
             Began as an Octopode Arcane Marksman on Oct 25, 2021.
             Was a High Priest of Vehumet.
             Killed by divine providence
             ... invoked by an orc priest
              (14 damage)
             ... on level 2 of the Orcish Mines on Oct 28, 2021.
             The game lasted 05:01:14 (32499 turns).

petzl the Covert (Octopode Arcane Marksman)        Turns: 32499, Time: 05:01:15

Health: -2/87      AC:  5    Str: 13    XL:     12   Next: 84%
Magic:  28/31      EV: 14    Int: 21    God:    Vehumet [*****.]
Gold:   1279       SH:  5    Dex: 12    Spells: 9/29 levels left

rFire   . . .      SeeInvis .   b - +5 mace (protect)
rCold   . . .      Faith    +   p - +0 buckler
rNeg    . . .      Spirit   .   (helmet restricted)
rPois   .          Reflect  .   j - amulet of faith
rElec   .          Harm     .   m - ring of magical power
rCorr   +          Rampage  .   s - +4 ring of protection
Will    .....                   l - +6 ring of strength
Stlth   +++++.....              y - ring of resist corrosion
HPRegen 0.24/turn               (no ring)
MPRegen 0.22/turn               (no ring)
                                (no ring)
                                (no ring)

@: no status effects
A: almost no armour, amphibious, 8 rings, camouflage 1, gelatinous body 1,
(nimble swimmer 1), tentacles, low mp 1, weak 1, no potion heal 1
a: Renounce Religion


You were on level 2 of the Orcish Mines.
You worshipped Vehumet.
Vehumet was extremely pleased with you.
You visited 3 branches of the dungeon, and saw 15 of its levels.
You also visited: Volcano.

You collected 1619 gold pieces.
You spent 340 gold pieces at shops.

Inventory:

Hand Weapons
 a - a +3 vorpal hand crossbow
 b - a +5 mace of protection (weapon)
 c - a +0 dagger of venom {!f =f}
 g - a +3 quarterstaff
 n - a +0 spear of flaming {!f =f}
 o - a +2 spear of freezing {!f =f}
 t - a +0 rapier
 u - a +0 vorpal falchion
 A - a +4 spear {!f =f}
 E - a +3 great sword of freezing
 F - a +2 dagger of holy wrath {!f =f}
 G - a +5 scimitar
 J - a +2 dagger of freezing {!f =f}
 M - a +2 flail of holy wrath
Missiles
 d - 36 poisoned darts
 q - 15 bolts
 w - 2 silver boomerangs
 I - a curare-tipped dart (quivered) {!*}
 O - 2 boomerangs
Armour
 p - a +0 buckler (worn)
 B - a +0 tower shield
 K - a +2 kite shield
Jewellery
 j - an amulet of faith (around mantle)
 l - a +6 ring of strength (on tentacle)
 m - a ring of magical power (left tentacle)
 s - a +4 ring of protection (right tentacle)
 v - a ring of ice
 y - a ring of resist corrosion (on tentacle)
Wands
 f - a wand of polymorph (4)
Scrolls
 k - 3 scrolls of immolation
 z - 2 scrolls of amnesia
 C - a scroll of magic mapping
Potions
 e - 2 potions of lignification
 h - a potion of heal wounds {unknown}
 i - a potion of cancellation
 r - a potion of magic
 H - a potion of brilliance
Miscellaneous
 L - a piece from Xom's chessboard (15/15)


   Skills:
 - Level 10.0 Fighting
 - Level 0.8 Short Blades
 - Level 3.0 Maces & Flails
 - Level 4.1 Crossbows
 - Level 1.5 Throwing
 - Level 4.0 Dodging
 + Level 10.1 Stealth
 - Level 4.0 Shields
 - Level 9.2 Spellcasting
 - Level 4.6 Conjurations
 - Level 5.0 Hexes
 * Level 2.9 Summonings
 - Level 4.0 Translocations
 - Level 3.0 Fire Magic
 - Level 4.0 Ice Magic
 - Level 4.0 Air Magic
 - Level 4.0 Poison Magic
 - Level 3.9 Evocations


You had 9 spell levels left.
You knew the following spells:

 Your Spells              Type           Power      Damage    Failure   Level
a - Poisonous Vapours     Pois/Air       52%        N/A       1%          2
b - Slow                  Hex            30%        N/A       1%          2
c - Shock                 Conj/Air       100%       1d9       1%          1
d - Hailstorm             Conj/Ice       27%        3d7       3%          4
e - Flame Wave            Conj/Fire      25%        3d6       4%          4
f - Call Canine Familiar  Summ           21%        N/A       6%          3
g - Animate Skeleton      Necr           18%        N/A       7%          1
A - Apportation           Tloc           52%        N/A       1%          1
B - Blink                 Tloc           52%        N/A       1%          2

Your spell library contained the following spells:

 Spells                   Type           Power      Damage    Failure   Level
 Yara's Violent Unravell  Hex/Tmut       10%        3d6       17%         5
 Inner Flame              Hex/Fire       26%        N/A       1%          3
 Summon Small Mammal      Summ           84%        N/A       2%          1
 Confusing Touch          Hex            30%        N/A       2%          3
 Portal Projectile        Hex/Tloc       56%        N/A       3%          3
 Corpse Rot               Necr/Air       36%        N/A       4%          2
 Gell's Gravitas          Tloc           13%        N/A       4%          3
 Lesser Beckoning         Tloc           26%        N/A       4%          3
 Summon Guardian Golem    Hex/Summ       26%        N/A       4%          3
 Teleport Other           Tloc           26%        N/A       4%          3
 Cause Fear               Hex            15%        N/A       9%          4
 Vampiric Draining        Necr           4%         2d6       22%         3
 Summon Mana Viper        Hex/Summ       26%        N/A       36%         5
 Summon Forest            Summ/Tloc      12%        N/A       43%         5
 Summon Cactus Giant      Summ           10%        N/A       97%         6
 Discord                  Hex            15%        N/A       100%        8
 Necromutation            Tmut/Necr      4%         N/A       100%        8


Dungeon Overview and Level Annotations

Branches:
Dungeon (12/15)            Temple (1/1) D:7            Lair (0/6) D:11
    Orc (2/2) D:10            Elf (0/3) Orc:2       Volcano (visited)

Altars:
Cheibriados
Dithmenos
Elyvilon
Makhleb
Okawaru
Qazlal
Ru
Trog
Vehumet
The Shining One

Annotations:
D:2 1 runed translucent door, Crazy Yiuf
D:7 exclusion: downstairs
D:8 !LOT OF DANGEROUS SHIT, exclusions: deep elf pyromancer, guardian serpent and orc
D:9 exclusion: upstairs
D:10 exclusions: door and 2 downstairs
D:11 !V, exclusion: 3 downstairs, Erolcha
D:12 !HYDRA
Orc:2 exclusion: upstairs, Snorg


Innate Abilities, Weirdness & Mutations

You cannot wear most types of armour.
You are amphibious.
You can wear up to eight rings at the same time.
Your skin changes colour to match your surroundings (Stealth+).
Your rubbery body absorbs attacks. (AC +1, EV +1)
((You are camouflaged near water. (Stealth+)))
You have tentacles for arms and can constrict up to eight enemies at once.
Your magical capacity is low. (-10% MP)
You are weak. (Str -2)
Potions are less effective at restoring your health.


Message History

Press: ? - help, Dir - move target, f - Snorg
Aim: Snorg (almost dead, extremely poisoned, slow, ally target) Attack!
The orc warrior barely misses your orc warrior.
The orc priest calls upon Beogh to heal the orc warrior.
The orc warrior is healed somewhat.
The orc priest hits you with a +1 mace of holy wrath.
Your hound bites the orc priest.
Snorg shakes off her lethargy.
Snorg goes berserk!
Your orc warrior closely misses Snorg.
You barely miss the orc priest. You grab the orc priest.
You squeeze the orc priest!
The orc priest is almost dead.
You constrict the orc priest.
You kill the orc priest!
Vehumet accepts your kill.
You feel your power returning.
The orc warrior hits your orc warrior with a +0 war axe.
The orc warrior hits your hound with a +0 war axe!
Snorg barely misses your orc warrior. Snorg claws your orc warrior! x2
Your orc warrior dies!
The orc priest hits you with a +1 mace of holy wrath.
The orc knight shoots a bolt.
The bolt hits you!!
* * * LOW HITPOINT WARNING * * *
Your hound misses the orc warrior.
Snorg rages.
You hear a shout!
Blink to where?
Press: ? - help, Dir - move target, p - Snorg
As you read the scroll of blinking, it crumbles to dust.
Okay, then.
Unknown command.
Unknown command.
Casting: Call Canine Familiar (dangerous; 6% risk of failure)
Confirm with . or Enter, or press ? or * to list all spells.
Aiming: Slow (safe; 1% risk of failure)
Press: ? - help, Shift-Dir - straight line, f - orc priest
Aim: an orc priest, wielding a +1 mace of holy wrath and wearing a +0 leather armour (translocational energy, chance to affect: 70%)
The orc priest seems to slow down.
The orc priest invokes the aid of Beogh against you.
Beogh smites you!
You die...

#### ##..#### #########..######
#....#.##
##.##..##.....#..###.......#
#........#........#....##.##
##.##.....#......[......#.##
#######........[......#...#
###.....#...........#.##
##.##..##...[............
#......#.....h...........
##.#....#..))o.....#.....
##....#...T.T.o..(.....#
####.##...o.[<[o..[.o...#
####.##.#.....)....[[.<#.)..
##........#.............#....
#.....#..............[..#####
#....#..................#
##..........#..)........#
###.##.....##>.........#
##.#@##.##...........#
##.....###............#
#...#.###.............# ###
##.....###.[...##.....# ##.##
##..............##.....#
#...######.........[..........#.#
#...#.#.#.......)..[..........###
##....................#.#.##...#
##.#.#.#..........#....######..###
#......................## #.....#
##........#.......#.....# ##..###
###......##............## ####
##<#..................###
#.)[..................##
##.#......^............######
####..................#.#..##
###.#.....#.................##
##..........................#.##
#....##........................#


You could see an orc priest (slow).

Vanquished Creatures
  A boulder beetle (D:8)
  Fannar (D:10)
  A centaur warrior (D:8)
  A two-headed ogre (D:8)
  A deep elf pyromancer (D:8)
  An ugly thing (D:11)
  A manticore (D:9)
  An elephant (D:11)
  Maurice (D:11)
  2 unseen horrors
  2 gargoyles
  2 kobold demonologists (D:11)
  2 trolls
  A hornet (D:9)
  3 shadows
  A wraith (D:11)
  2 basilisks (D:11)
  3 wyverns
  9 yaks
  14 vampire mosquitoes (D:10)
  A steam dragon (D:9)
  2 wargs (Orc:1)
  An acid dragon (D:6)
  6 water moccasins
  A swamp drake (D:10)
  2 sky beasts
  4 black bears
  18 orc warriors
  3 ice beasts
  2 necrophages
  8 ogres
  7 centaurs
  7 kobold brigands
  3 gnoll sergeants
  2 bullfrogs
  2 scorpions
  2 killer bees (D:8)
  23 wights
  3 howler monkeys
  4 electric eels (D:10)
  3 centaur zombies
  3 bullfrog zombies
  A bullfrog skeleton (D:6)
  A hound (D:6)
  21 orc priests
  3 gnoll shamans
  3 jellies
  23 orc wizards
  A hound skeleton (D:5)
  A howler monkey zombie (D:8)
  Robin (D:2)
  A howler monkey skeleton (D:4)
  33 gnolls
  An adder (D:3)
  3 white imps
  An ufetubus (D:4)
  A worm (D:2)
  3 dart slugs
  56 orcs
  5 ball pythons
  4 endoplasms
  2 giant cockroaches
  10 goblins
  11 hobgoblins
  5 jackals
  18 kobolds
  5 quokkas
  3 bats
  4 frilled lizards (D:1)
  5 rats
383 creatures vanquished.

Vanquished Creatures (collateral kills)
  2 vampire mosquitoes (D:9)
  An ogre (Orc:1)
  An orc wizard (Orc:1)
  An orc (Orc:1)
5 creatures vanquished.

Vanquished Creatures (others)
  A two-headed ogre (Orc:1)
  A warg (Orc:1)
  An orc warrior (Orc:2)
  An orc wizard (D:10)
  A fungus (D:2)
  48 plants
  5 withered plants (D:3)
58 creatures vanquished.

Grand Total: 446 creatures vanquished

Notes
Turn   | Place    | Note
-------+----------+-------------------------------------------
     0 | D:1      | petzl the Octopode Arcane Marksman began the quest for the
                  | Orb.
     0 | D:1      | Reached XP level 1. HP: 13/13 MP: 2/2
   294 | D:1      | Reached XP level 2. HP: 18/18 MP: 3/3
  1137 | D:1      | Reached XP level 3. HP: 22/23 MP: 4/4
  1588 | D:2      | Upgraded the game from 0.28-a0-723-g095bd1b44f to
                  | 0.28-a0-724-g66f9036eb4
  1692 | D:2      | Noticed Robin
  2164 | D:2      | Found a runed translucent door.
  2165 | D:2      | Noticed Crazy Yiuf
  2299 | D:3      | Reached skill level 1 in Stealth
  2299 | D:3      | Reached XP level 4. HP: 8/28 MP: 5/5
  3252 | D:3      | Found a faded altar of an unknown god.
  3520 | D:5      | Entered Level 5 of the Dungeon
  3613 | D:5      | Noticed an ice beast
  4052 | D:2      | Reached XP level 5. HP: 31/33 MP: 6/6
  4060 | D:1      | Learned a level 2 spell: Poisonous Vapours
  4063 | D:1      | Learned a level 2 spell: Slow
  4390 | D:2      | Killed Robin
  5072 | D:3      | Reached skill level 1 in Poison Magic
  5302 | D:4      | Reached skill level 1 in Air Magic
  5369 | D:5      | Noticed an ogre
  5935 | D:4      | Noticed a necrophage
  6122 | D:4      | Killed a necrophage
  6123 | D:4      | Reached XP level 6. HP: 39/39 MP: 8/8
  6609 | D:5      | Reached XP level 7. HP: 39/45 MP: 9/9
  6895 | D:5      | Got the Guide on Displaced Evil
  7475 | D:6      | Reached XP level 8. HP: 51/51 MP: 10/11
  7567 | D:7      | Found a staircase to the Ecumenical Temple.
  7577 | Temple   | Entered the Ecumenical Temple
  7599 | Temple   | Became a worshipper of Vehumet
  9031 | D:6      | Reached skill level 5 in Stealth
  9772 | D:7      | Reached XP level 9. HP: 58/58 MP: 14/14
  9787 | D:7      | Found Lazon's Distillery.
  9802 | D:7      | Bought a potion of lignification for 30 gold pieces
  9885 | D:8      | Reached skill level 5 in Hexes
 10538 | D:7      | Found a glowing golden altar of the Shining One.
 10742 | D:7      | Reached skill level 5 in Fighting
 11562 | D:6      | Reached skill level 5 in Spellcasting
 12551 | D:7      | Reached XP level 10. HP: 59/69 MP: 18/18
 12871 | D:8      | Reached * piety under Vehumet
 12871 | D:8      | Offered knowledge of Shock by Vehumet.
 12971 | D:7      | Learned a level 1 spell: Shock
 13442 | D:8      | Found a stormy altar of Qazlal.
 14229 | D:8      | Found a burning altar of Makhleb.
 14230 | D:8      | Found a shadowy altar of Dithmenos.
 14268 | D:8      | Found a white marble altar of Elyvilon.
 14269 | D:8      | Found a snail-covered altar of Cheibriados.
 14610 | D:8      | Noticed a centaur warrior
 15567 | D:9      | Offered knowledge of Static Discharge by Vehumet.
 15578 | D:9      | Reached ** piety under Vehumet
 15680 | D:10     | Entered Level 10 of the Dungeon
 16221 | D:9      | Noticed a manticore
 16371 | D:9      | Upgraded the game from 0.28-a0-724-g66f9036eb4 to
                  | 0.28-a0-726-g4a9143789a
 16918 | D:10     | Noticed a gargoyle
 17106 | D:9      | Killed a manticore
 17107 | D:9      | Reached XP level 11. HP: 42/80 MP: 21/23
 17842 | D:7      | Bought a potion of curing for 30 gold pieces
 17842 | D:7      | Bought a potion of curing for 30 gold pieces
 17842 | D:7      | Bought a potion of curing for 30 gold pieces
 17888 | D:8      | HP: 4/80 [centaur warrior/arrow (21)]
 18783 | D:8      | Noticed a centaur warrior
 18922 | D:8      | Learned a level 2 spell: Blink
 19231 | D:11     | Noticed Maurice
 19236 | D:11     | Reached skill level 1 in Maces & Flails
 19236 | D:11     | Reached skill level 1 in Translocations
 19254 | D:11     | Killed Maurice
 19255 | D:11     | Reached skill level 1 in Shields
 19771 | D:8      | Noticed a deep elf pyromancer
 19981 | D:8      | Noticed a boulder beetle
 20083 | D:8      | Noticed a deep elf pyromancer
 20152 | D:8      | Killed a centaur warrior
 20152 | D:8      | Offered knowledge of Dazzling Flash by Vehumet.
 20153 | D:8      | Reached skill level 1 in Evocations
 20466 | D:8      | Noticed a two-headed ogre
 20490 | D:8      | Killed a two-headed ogre
 20540 | D:8      | Noticed a two-headed ogre
 22019 | D:10     | Reached *** piety under Vehumet
 22081 | D:10     | Upgraded the game from 0.28-a0-726-g4a9143789a to
                  | 0.28-a0-730-g892d06dc2c
 22211 | D:10     | Reached skill level 10 in Fighting
 22364 | D:10     | Offered knowledge of Hailstorm by Vehumet.
 22511 | D:10     | Reached XP level 12. HP: 76/87 MP: 20/25
 22600 | D:10     | Found a staircase to the Orcish Mines.
 22720 | D:10     | Reached skill level 1 in Conjurations
 23242 | D:11     | Learned a level 4 spell: Hailstorm
 23339 | D:11     | Reached skill level 1 in Ice Magic
 23483 | D:11     | HP: 1/130 [sixfirhy[a kobold demonologist] (10)]
 23485 | D:11     | Noticed a soul eater
 23901 | D:11     | Reached **** piety under Vehumet
 23993 | D:11     | Found a radiant altar of Vehumet.
 24011 | D:11     | Noticed Erolcha
 24565 | D:11     | Offered knowledge of Flame Wave by Vehumet.
 24571 | D:11     | Learned a level 4 spell: Flame Wave
 24824 | D:12     | Noticed a two-headed ogre
 24868 | D:11     | Found a staircase to the Lair.
 25108 | D:10     | Noticed Fannar
 25455 | Orc:1    | Entered Level 1 of the Orcish Mines
 25654 | Orc:1    | Reached skill level 1 in Fire Magic
 25977 | Orc:1    | Found a dark tunnel.
 25986 | Volcano  | Entered a volcano
 26892 | Orc:2    | Entered Level 2 of the Orcish Mines
 26892 | Orc:2    | Noticed a two-headed ogre
 26892 | Orc:2    | Found a staircase to the Elven Halls.
 26966 | Orc:1    | Gained mutation: Your magical capacity is low. (-10% MP)
                  | [potion of mutation]
 26966 | Orc:1    | Gained mutation: You are weak. (Str -2) [potion of
                  | mutation]
 26966 | Orc:1    | Gained mutation: Potions are less effective at restoring
                  | your health. [potion of mutation]
 27280 | D:7      | Bought a potion of lignification for 30 gold pieces
 27280 | D:7      | Bought a potion of lignification for 30 gold pieces
 27280 | D:7      | Bought a potion of magic for 80 gold pieces
 27280 | D:7      | Bought a potion of invisibility for 80 gold pieces
 27484 | D:8      | Killed a boulder beetle
 28792 | D:10     | Killed Fannar
 28793 | D:10     | Reached skill level 1 in Throwing
 29229 | D:12     | Noticed a seven-headed hydra
 30432 | Orc:1    | Learned a level 3 spell: Call Canine Familiar
 30757 | Orc:2    | Reached skill level 1 in Summonings
 31068 | Orc:2    | Reached skill level 10 in Stealth
 31287 | Orc:2    | Reached ***** piety under Vehumet
 31401 | Orc:2    | Offered knowledge of Yara's Violent Unravelling by Vehumet.
 31708 | Orc:2    | Learned a level 1 spell: Animate Skeleton
 31710 | Orc:2    | Learned a level 1 spell: Apportation
 32486 | Orc:2    | Noticed Snorg
 32499 | Orc:2    | Killed from afar by an orc priest

Illustrated notes

Levels and vault maps discovered:
D:1:      sevenhm_arrival_forest_fort_small_3, layout_rooms,
          corexii_leaking_fountain, nrook_mini_backslash,
          hangedman_decor_riveting, minmay_octomino_j4
D:2:      layout_basic, serial_forest, infiniplex_forest_clump_cross,
          infiniplex_forest_zigzag_1, infiniplex_forest_clump_small,
          infiniplex_forest_clump_cross, infiniplex_forest_straight_2,
          infiniplex_forest_corner_1, hangedman_abyss_or_decor_lesser_grid,
          uniq_robin, uniq_crazy_yiuf_cottage
D:3:      layout_loops_ring, ebering_ecumenical_altar_petrified, minivault_4
D:4:      layout_loops_ring, kennysheep_generic_room_14
D:5:      layout_cave_pools
D:6:      layout_cave_pools
D:7:      layout_loops_ring, nicolae_tso_carved_into_rock,
          minmay_temple_entry_tees, serial_shops, kennysheep_little_box
D:8:      nzn_winding_woodlands_large [nzn_winding_woodlands_5x5_three,
          nzn_winding_woodlands_5x15_pockets, nzn_winding_woodlands_5x5_cross,
          nzn_winding_woodlands_center_diamonds,
          nzn_winding_woodlands_15x15_five_gardens,
          nzn_winding_woodlands_center_pierced_h,
          nzn_winding_woodlands_5x5_default,
          nzn_winding_woodlands_5x15_sawtooth,
          nzn_winding_woodlands_5x5_closed_star], layout_basic,
          mainiacjoe_overflow_six_doors_small, nicolae_overflow_hidden_temple
D:9:      layout_basic
D:10:     layout_stronghold, erik_orc_2, pond, uniq_fannar
D:11:     layout_grid_maze, david_lair_generic, nicolae_vehumet_altar_sigil,
          uniq_erolcha, uniq_maurice
D:12:     layout_gridville, serial_shops, shop_fountains,
          nicolae_trove_entry_isolated, lemuel_zombie_altar_kikubaaqudgha
Temple:   regret_index_temple_sphere_string
Orc:1:    layout_caves, nicolae_volcano_entry_lava_flow
Orc:2:    st_orc_pillars, layout_caves, uniq_snorg

Skill      XL: |  1  2  3  4  5  6  7  8  9 10 11 12 |
---------------+-------------------------------------+-----
Stealth        | 1 2 3 4 5 8 9 10 | 10.1
Poison Magic   | 1 2 4 |  4.0
Air Magic      | 1 2 3 4 |  4.0
Crossbows      | 3 4 |  4.1
Fighting       | 2 4 6 9 10 | 10.0
Dodging        | 3 4 |  4.0
Spellcasting   | 2 3 5 8 9 |  9.2
Hexes          | 4 5 |  5.0
Maces & Flails | 2 3 |  3.0
Translocations | 4 |  4.0
Shields        | 2 4 |  4.0
Evocations     | 3 |  3.9
Conjurations   | 4 |  4.6
Ice Magic      | 4 |  4.0
Fire Magic     | 3 |  3.0
Throwing       | 1 |  1.5
Summonings     | 2 |  2.9
Short Blades   | |  0.8

Action                   |  1- 3 |  4- 6 |  7- 9 | 10-12 || total
-------------------------+-------+-------+-------+-------++-------
Melee: Mace              |    23 |    17 |   129 |   202 ||   371
       Constrict         |    21 |    14 |    21 |    45 ||   101
       Tentacles         |    13 |     4 |    21 |    42 ||    80
       Dagger            |    61 |    41 |       |     1 ||   103
       Hand crossbow     |       |       |       |     1 ||     1
 Fire: Hand crossbow     |    26 |    92 |    74 |   396 ||   588
Throw: Dart              |     3 |    15 |     3 |    22 ||    43
 Cast: Slow              |       |    11 |    68 |   224 ||   303
       Poisonous Vapours |       |     2 |    62 |   328 ||   392
       Blink             |       |       |       |    34 ||    34
       Flame Wave        |       |       |       |    40 ||    40
       Hailstorm         |       |       |       |    22 ||    22
       Call Canine Famil |       |       |       |     3 ||     3
Evoke: Wand              |       |       |       |    22 ||    22
  Use: Potion            |       |     4 |     1 |    15 ||    20
       Scroll            |       |     5 |     6 |    15 ||    26
 Stab: Sleeping          |     2 |     2 |     2 |       ||     6
Armor: Skin              |     4 |     8 |    61 |   128 ||   201
Dodge: Dodged            |    49 |    54 |   104 |   275 ||   482
Block: Buckler           |       |       |       |    27 ||    27

Table legend: (Time is in decaauts)
 A = Elapsed time spent in this place.
 B = Non-inter-level travel time spent in this place.
 C = Inter-level travel time spent in this place.
 D = Time resting spent in this place.
 E = Time spent auto-exploring this place.
 F = Levels seen in this place.
 G = Mean time per level.
                   A        B        C        D        E       F      G
               +--------+--------+--------+--------+--------+-----+--------+
         Total |  32811 |  30770 |   2041 |  14082 |   2407 |  16 | 2050.7 |
       Dungeon |  29006 |  27056 |   1950 |  12294 |   2297 |  12 | 2417.2 |
        Temple |     35 |     35 |      0 |      0 |     12 |   1 |   35.0 |
  Orcish Mines |   3744 |   3653 |     91 |   1788 |     98 |   2 | 1872.0 |
       Volcano |     24 |     24 |      0 |      0 |      0 |   1 |   24.0 |
               +--------+--------+--------+--------+--------+-----+--------+

Top non-repeatable levels by time:
     D:7: 5019 daAuts
    D:10: 3995 daAuts
     D:9: 3993 daAuts
     D:8: 3379 daAuts
   Orc:1: 2881 daAuts
    D:11: 2455 daAuts
     D:1: 2079 daAuts
     D:5: 1796 daAuts
     D:6: 1784 daAuts
     D:2: 1647 daAuts
     D:4: 1440 daAuts
     D:3: 1332 daAuts
   Orc:2: 862 daAuts
    D:12: 82 daAuts
  Temple: 35 daAuts
